 Dungeon Crawl Stone Soup version 0.26-a0-697-g110436e (webtiles) character file.

Game seed: 17508588034832059498

484 Mopster the Chopper (level 7, -2/47 HPs)
             Began as an Octopode Berserker on Oct 25, 2020.
             Was a Priest of Trog.
             Slain by Pikel
             ... wielding a +2 whip of electrocution
              (19 damage)
             ... on level 5 of the Dungeon.
             The game lasted 00:18:09 (5002 turns).

Mopster the Chopper (Octopode Berserker)            Turns: 5002, Time: 00:18:09

Health: -2/47      AC:  1    Str: 16    XL:     7   Next: 12%
Magic:  0/7        EV: 15    Int:  9    God:    Trog [***...]
Gold:   89         SH:  0    Dex: 14    Spells: 6/6 levels left

rFire    . . .     SeeInvis +   a - +0 hand axe
rCold    . . .     Faith    .   (no shield)
rNeg     . . .     Spirit   +   (helmet restricted)
rPois    .         Reflect  .   l - amulet of guardian spirit
rElec    .         Harm     .   h - ring of see invisible
rCorr    .         Rampage  .   s - ring of protection from magic
MR       +++..                  (no ring)
Stlth    ++++......             (no ring)
HPRegen  1.15/turn              (no ring)
MPRegen  0.10/turn              (no ring)
                                (no ring)
                                (no ring)

@: regenerating
A: almost no armour, stealthy swim, amphibious, 8 rings, constrict 8, camouflage
1, gelatinous body 1
a: Berserk, Trog's Hand, Renounce Religion


You were on level 5 of the Dungeon.
You worshipped Trog.
Trog was most pleased with you.
You visited 1 branch of the dungeon, and saw 5 of its levels.

You collected 250 gold pieces.
You spent 161 gold pieces at shops.

Inventory:

Hand Weapons
 a - a +0 hand axe (weapon)
Missiles
 v - a throwing net (quivered)
Jewellery
 h - a ring of see invisible (left tentacle)
 l - an amulet of guardian spirit (around mantle)
 s - a ring of protection from magic (right tentacle)
Wands
 b - a wand of acid (9)
Scrolls
 e - a scroll of amnesia
 f - 3 scrolls of remove curse
 i - a scroll of random uselessness
 j - 2 scrolls of blinking
 k - a scroll of teleportation
 n - a scroll of enchant weapon
 o - 2 scrolls of fear
 t - a scroll of enchant armour
 w - a scroll of magic mapping {unknown}
Potions
 c - 4 potions of curing {unknown}
 d - a potion of lignification {unknown}
 g - a potion of heal wounds
 m - a potion of invisibility
 p - a potion of mutation {unknown}
 q - 2 potions of degeneration {unknown}
 r - a potion of resistance {unknown}
 u - a potion of cancellation {unknown}


   Skills:
 + Level 3.7 Fighting
 * Level 5.9 Axes
 + Level 3.7 Dodging
 * Level 5.4 Stealth


You had 6 spell levels left.
You didn't know any spells.
Your spell library was empty.

Dungeon Overview and Level Annotations

Branches:
Dungeon (5/15)             Temple (0/1) D:5

Altars:
Vehumet

Shops:
D:4 *(**

Annotations:
D:5 Pikel


Innate Abilities, Weirdness & Mutations

You cannot wear most types of armour.
You are very stealthy in the water. (Stealth+)
You are amphibious.
You can wear up to eight rings at the same time.
You can use your tentacles to constrict eight enemies at once.
Your skin changes colour to match your surroundings (Stealth+).
Your rubbery body absorbs attacks. (AC +1, EV +1)


Message History

You hit Pikel but do no damage. You grab Pikel.
You constrict Pikel, but do no damage.
Pikel hits you with a +2 whip of electrocution.
You barely miss Pikel. You constrict Pikel.
Pikel hits you with a +2 whip of electrocution.
You barely miss Pikel. You squeeze Pikel!
Pikel is moderately wounded.
You constrict Pikel.
Pikel hits you with a +2 whip of electrocution.
You are electrocuted!!
You hit Pikel.
Pikel is heavily wounded.
You recover from your berserk rage.
You constrict Pikel.
Pikel hits you with a +2 whip of electrocution!
* * * LOW HITPOINT WARNING * * *
You feel much better.
You constrict Pikel.
Pikel hits you with a +2 whip of electrocution!
You are electrocuted!!
You die...

#....#.......#....#....#..#......
#....#.......#....#....####......
#....'......##....#............(.
#....#......##....#..............
#....#......#.....#..............
'....#.>....#.....#..............
#....#......##....#####........##
#....#......##....##..#........#
#....#.........K@..../+........#
#....#...............)#........#
#....#................#........#
.....#......###'####..#......).#
.....# .....##....##..#..[.....#
.....# ##..#.........#........#
.....#####..'.....รท...#....#'###
.....#......#.........#....#..##.
.....#......#.........#....#.....


You could see Pikel.

Vanquished Creatures
  A sky beast (D:5)
  4 lemures (D:5)
  A jelly (D:5)
  An orc priest (D:4)
  2 orc wizards
  2 worker ants (D:4)
  A worker ant zombie (D:5)
  7 adders
  A shadow imp (D:5)
  A white imp (D:5)
  2 oozes
  An adder skeleton (D:5)
  5 worms (D:2)
  2 dart slugs
  4 leopard geckos
  19 orcs
  6 bats
  4 giant cockroaches
  6 goblins
  10 hobgoblins
  4 jackals (D:5)
  7 kobolds
  4 quokkas
  9 frilled lizards
  A quokka zombie (D:5)
  10 rats
115 creatures vanquished.

Notes
Turn   | Place    | Note
-------+----------+-------------------------------------------
     0 | D:1      | Mopster the Octopode Berserker began the quest for the Orb.
     0 | D:1      | Reached XP level 1. HP: 16/16 MP: 1/1
    85 | D:1      | Reached XP level 2. HP: 5/21 MP: 2/2
   483 | D:1      | Reached skill level 1 in Stealth
   642 | D:1      | Reached XP level 3. HP: 26/26 MP: 3/3
  1194 | D:2      | Reached ** piety under Trog
  1267 | D:2      | Reached XP level 4. HP: 26/31 MP: 4/4
  2214 | D:3      | Reached XP level 5. HP: 36/36 MP: 5/5
  2375 | D:3      | Reached *** piety under Trog
  3041 | D:4      | Found Ypiur's General Store.
  3049 | D:4      | Bought a scroll of blinking for 105 gold pieces
  3049 | D:4      | Bought a scroll of remove curse for 42 gold pieces
  3049 | D:4      | Bought a scroll of noise for 14 gold pieces
  3256 | D:4      | Found Osemoc's Antique Weapon Emporium.
  3264 | D:4      | Found Jarom's General Store.
  3271 | D:4      | Reached skill level 5 in Axes
  3271 | D:4      | Reached XP level 6. HP: 42/42 MP: 4/6
  3573 | D:4      | Found Vepho Soc's General Store.
  3640 | D:5      | Entered Level 5 of the Dungeon
  3649 | D:5      | Found a staircase to the Ecumenical Temple.
  4187 | D:5      | Noticed a sky beast
  4201 | D:5      | HP: 1/64 [sky beast (4)]
  4202 | D:5      | Killed a sky beast
  4202 | D:5      | Reached skill level 5 in Stealth
  4202 | D:5      | Reached XP level 7. HP: 1/47 MP: 0/7
  4842 | D:5      | Found a radiant altar of Vehumet.
  4901 | D:5      | Noticed Pikel
  5002 | D:5      | Slain by Pikel

Illustrated notes

Levels and vault maps discovered:
D:1:      dpeg_arrival_three_bigger_balls, layout_basic,
          minmay_misc_feat_ornament, minivault_26, chequers_garden,
          minmay_bisected
D:2:      layout_rooms
D:3:      layout_basic
D:4:      layout_gridville, serial_shops, nicolae_shop_trees, shop_fountains,
          shop, nicolae_shop_behind_doors
D:5:      layout_gridville, old_standard_altar, minmay_temple_entry_junction,
          uniq_pikel

Skill      XL: |  1  2  3  4  5  6 |
---------------+-------------------+-----
Stealth        | 1 2 3 4 5 |  5.4
Axes           | 4 5 |  5.9
Fighting       | |  3.7
Dodging        | |  3.7

Action                   |  1- 3 |  4- 6 |  7- 9 || total
-------------------------+-------+-------+-------++-------
Melee: Hand axe          |    54 |   128 |    48 ||   230
       Constrict         |    17 |    30 |    13 ||    60
       Tentacles         |     9 |    24 |    10 ||    43
Invok: Berserk           |     2 |     6 |     2 ||    10
       Trog's Hand       |       |     2 |     2 ||     4
  Use: Scroll            |       |     9 |       ||     9
       Potion            |       |       |     2 ||     2
 Stab: Sleeping          |     9 |     7 |     1 ||    17
Armor: Skin              |     8 |     4 |       ||    12
Dodge: Dodged            |    35 |    83 |    33 ||   151

Table legend: (Time is in decaauts)
 A = Elapsed time spent in this place.
 B = Non-inter-level travel time spent in this place.
 C = Inter-level travel time spent in this place.
 D = Time resting spent in this place.
 E = Time spent auto-exploring this place.
 F = Levels seen in this place.
 G = Mean time per level.
                   A        B        C        D        E       F      G
               +--------+--------+--------+--------+--------+-----+--------+
         Total |   5116 |   4601 |    515 |   1429 |   2380 |   5 | 1023.2 |
       Dungeon |   5116 |   4601 |    515 |   1429 |   2380 |   5 | 1023.2 |
               +--------+--------+--------+--------+--------+-----+--------+

Top non-repeatable levels by time:
     D:5: 1392 daAuts
     D:1: 1198 daAuts
     D:2: 1050 daAuts
     D:3: 857 daAuts
     D:4: 617 daAuts
